 Dungeon Crawl Stone Soup version 0.25.0-1-g7eea58d2a3 (webtiles) character file.

Game seed: 6188457502020207040

6938 McIrco the Unseen (level 10, -13/68 HPs)
             Began as a Vampire Enchanter on June 14, 2020.
             Was an Initiate of Dithmenos.
             Mangled by a phantasmal warrior (30 damage)
             ... created by the anger of Yredelemnul
             ... on level 11 of the Dungeon.
             The game lasted 00:29:25 (11503 turns).

McIrco the Unseen (Vampire Enchanter)              Turns: 11503, Time: 00:29:26

Health: -13/68     AC: 10    Str: 10    XL:     10   Next: 80%
Magic:  16/22      EV: 17    Int: 19    God:    Dithmenos [......]
Gold:   470        SH:  0    Dex: 16    Spells: 13/25 levels left

rFire    + . .     SeeInvis +   q - +5 dagger
rCold    x . .     Gourm    .   (no shield)
rNeg     . . .     Faith    .   k - +2 robe {Archmagi}
rPois    .         Spirit   .   B - +0 helmet
rElec    .         Reflect  .   (no cloak)
rCorr    .         Harm     .   A - +0 pair of gloves
MR       +....                  w - +1 pair of boots
Stlth    ++++++....             (no amulet)
HPRegen  0.41/turn              C - ring of fire
MPRegen  0.18/turn              y - +4 ring of evasion

@: confusing touch, regenerating quickly, heavily drained
A: no food, fangs 3, icy blue scales 1, see invisible, strong 1, unbreathing
a: Exsanguinate, Renounce Religion


You were on level 11 of the Dungeon.
You worshipped Dithmenos.
Dithmenos was noncommittal.
You were alive.

You visited 2 branches of the dungeon, and saw 12 of its levels.
You also visited: Ossuary.

You collected 470 gold pieces.

Inventory:

Hand Weapons
 q - a +5 dagger (weapon)
Armour
 b - a +1 robe
 k - a +2 robe of the Archmagi (worn)
 w - a +1 pair of boots (worn)
 A - a +0 pair of gloves (worn)
 B - a +0 helmet (worn)
Jewellery
 y - a +4 ring of evasion (right hand)
 C - a ring of fire (left hand)
Wands
 t - a wand of iceblast (9)
 v - a wand of flame (74)
 E - a wand of enslavement (10)
Scrolls
 c - 3 scrolls of enchant armour
 g - 9 scrolls of teleportation
 j - 15 scrolls of identify
 m - 6 scrolls of remove curse
 o - a scroll of amnesia
 u - 4 scrolls of enchant weapon
 z - a scroll of fear {unknown}
 F - 2 scrolls of magic mapping {unknown}
 G - a scroll of fog
Potions
 a - 2 potions of lignification {unknown}
 d - 2 potions of stabbing
 e - 4 potions of curing
 f - a potion of ambrosia {unknown}
 h - 4 potions of heal wounds {unknown}
 i - a potion of flight
 l - 2 potions of invisibility {unknown}
 n - 2 potions of berserk rage
 p - 5 potions of brilliance {unknown}
 r - 2 potions of resistance {unknown}
 s - a potion of mutation
 x - a potion of experience {unknown}
 D - 4 potions of degeneration {unknown}


   Skills:
 + Level 2.7(1.5) Fighting
 * Level 5.9(4.6) Short Blades
 * Level 4.4(3.1) Dodging
 + Level 15.2(13.6) Stealth
 * Level 8.0(6.7) Spellcasting
 + Level 9.5(8.1) Hexes
 + Level 3.7(2.5) Ice Magic


You had 13 spell levels left.
You knew the following spells:

 Your Spells              Type           Power        Failure   Level  Hunger
a - Corona                Hex            ######.      1%          1    N/A
b - Ensorcelled Hibernat  Hex/Ice        #####.       1%          2    N/A
c - Confusing Touch       Hex            ######..     1%          3    N/A
d - Tukima's Dance        Hex            ######..     1%          3    N/A
e - Dazzling Flash        Conj/Hex       ####..       6%          3    N/A

Your spell library contained the following spells:

 Spells                   Type           Power        Failure   Level  Hunger


Dungeon Overview and Level Annotations

Branches:
Dungeon (11/15)            Temple (1/1) D:4            Lair (0/6) D:9
    Orc (0/2) D:9         Ossuary (visited)

Altars:
Ashenzari
Cheibriados
Dithmenos
Elyvilon
Fedhas
Gozag
Hepliaklqana
Kikubaaqudgha
Makhleb
Nemelex Xobeh
Okawaru
Qazlal
Ru
Sif Muna
Trog
Uskayaw
Vehumet
Wu Jian
Xom
Yredelemnul
Zin
The Shining One


Innate Abilities, Weirdness & Mutations

You do not eat.
Your natural rate of healing is unusually fast.
You have razor-sharp teeth.
You have supernaturally acute eyesight. (SInv)
You can survive without breathing.
You are partially covered in icy blue scales. (AC +2)
Your muscles are strong. (Str +2)


Message History

Confirm with . or Enter, or press ? or * to list all spells.
You feel a surge of power!
Your hands begin to glow red.
The wight hits you with a +4 falchion.
Unknown command.
You hit the wight but do no damage. You bite the wight, but do no damage.
The phantasmal warrior blinks!
The wight hits you with a +4 falchion.
You hit the wight but do no damage.
The wight appears confused.
You bite the wight, but do no damage. The phantasmal warrior hits you!!
The wight barely misses you.
Unknown command.
You catch the helpless wight completely off-guard!
You spit the wight like a pig!!!
You destroy the wight!
That felt strangely unrewarding.
The phantasmal warrior hits you!!
* * * LOW HITPOINT WARNING * * *
Casting: Confusing Touch (safe; 1% risk of failure)
Confirm with . or Enter, or press ? or * to list all spells.
You feel a surge of power!
Your hands begin to glow red.
The phantasmal warrior hits you!!
You die...

....<# #..†...#
###### #....†.#
.# #......# .#
#......# .#
###....# .#
#....# .# #....#
.#
##.####....###W#
...........§.@.#
##.#############


You could see a phantasmal warrior.

Vanquished Creatures
  Pikel (D:7)
  A meliai zombie (D:10)
  2 hippogriffs
  A wraith (D:10)
  6 yaks (D:9)
  A wyvern (D:9)
  2 hungry ghosts
  3 sky beasts
  A slave (D:7)
  2 ice beasts
  4 orc warriors
  A necrophage (D:10)
  7 ogres
  3 centaurs
  A crocodile (D:9)
  3 big kobolds
  Blork the orc (D:6)
  8 bullfrogs
  5 water moccasin zombies
  A wyvern skeleton (D:8)
  3 scorpions
  3 killer bees (D:10)
  A wight (D:11)
  3 howler monkeys
  2 crimson imps
  2 bullfrog zombies
  3 centaur zombies
  6 hounds
  2 orc priests
  A gnoll shaman (D:6)
  3 jellies
  12 orc wizards
  A centaur skeleton (D:8)
  Jessica (D:2)
  Natasha (twice) (D:3)
  3 worker ants
  2 big kobold zombies (Ossuary)
  A hound zombie (D:7)
  3 mummies
  3 gnolls (D:6)
  8 adders
  A river rat (D:6)
  A shadow imp (D:10)
  9 adder zombies
  4 worms
  3 dart slugs
  5 leopard geckos
  45 orcs
  3 ball pythons
  5 bats
  8 giant cockroaches
  A gnoll zombie (Ossuary)
  9 hobgoblins
  7 jackals (D:1)
  7 quokkas
  7 frilled lizards
  11 goblins
  6 hobgoblin zombies
  A jackal skeleton (D:6)
  8 kobolds
  4 kobold zombies
  2 leopard gecko skeletons (D:8)
  2 orc zombies (Ossuary)
  10 rats
278 creatures vanquished.

Vanquished Creatures (others)
  2 howler monkeys (D:7)
  A crimson imp (D:7)
  2 rat zombies (D:7)
5 creatures vanquished.

Grand Total: 283 creatures vanquished

Notes
Turn   | Place    | Note
-------+----------+-------------------------------------------
     0 | D:1      | McIrco the Vampire Enchanter began the quest for the Orb.
     0 | D:1      | Reached XP level 1. HP: 13/13 MP: 3/3
   312 | D:1      | Reached XP level 2. HP: 19/19 MP: 5/5
   316 | D:1      | Learned a level 2 spell: Ensorcelled Hibernation
   376 | D:1      | Reached skill level 5 in Hexes
   397 | D:1      | Reached skill level 5 in Stealth
   590 | D:1      | Reached XP level 3. HP: 12/24 MP: 1/6
  1198 | D:2      | Found a radiant altar of Vehumet.
  1229 | D:2      | Found a burning altar of Makhleb.
  1350 | D:2      | Noticed Jessica
  1356 | D:2      | Killed Jessica
  1356 | D:2      | Reached XP level 4. HP: 30/30 MP: 2/7
  1619 | D:2      | Found a glowing golden altar of the Shining One.
  1650 | D:2      | Found a sacrificial altar of Ru.
  2170 | D:3      | Reached XP level 5. HP: 36/36 MP: 0/8
  2235 | D:3      | Found a stormy altar of Qazlal.
  2303 | D:3      | Learned a level 3 spell: Confusing Touch
  2307 | D:3      | Learned a level 3 spell: Tukima's Dance
  2350 | D:3      | Noticed Natasha
  2358 | D:3      | Killed Natasha
  2516 | D:3      | Noticed Natasha
  2523 | D:3      | Killed Natasha
  2523 | D:3      | Reached skill level 6 in Stealth
  2523 | D:3      | Reached skill level 1 in Ice Magic
  2961 | D:4      | Reached XP level 6. HP: 42/42 MP: 6/10
  3096 | D:4      | Found a sand-covered staircase.
  3098 | D:4      | Reached skill level 7 in Stealth
  3101 | Ossuary  | Entered an ossuary
  3149 | Ossuary  | Gained mutation: You are partially covered in icy blue
                  | scales. (AC +2) [potion of mutation]
  3149 | Ossuary  | Gained mutation: Your muscles are strong. (Str +2) [potion
                  | of mutation]
  3400 | Ossuary  | Reached skill level 1 in Fighting
  3400 | Ossuary  | Reached XP level 7. HP: 36/43 MP: 12/12
  3796 | D:4      | Reached skill level 8 in Stealth
  4345 | D:5      | Entered Level 5 of the Dungeon
  4556 | D:5      | Found a sparkling altar of Nemelex Xobeh.
  4643 | D:5      | Found a shimmering altar of Xom.
  4643 | D:5      | Noticed an angel
  4720 | D:5      | Found a glowing silver altar of Zin.
  4725 | D:5      | Reached XP level 8. HP: 43/43 MP: 3/15
  4864 | D:5      | Reached skill level 9 in Stealth
  5061 | D:5      | Found a white marble altar of Elyvilon.
  5079 | D:5      | Learned a level 3 spell: Dazzling Flash
  5144 | D:5      | Found an ornate altar of the Wu Jian Council.
  5446 | D:6      | Reached skill level 5 in Spellcasting
  5592 | D:6      | Reached skill level 10 in Stealth
  6215 | D:6      | Noticed Blork the orc
  6234 | D:6      | Killed Blork the orc
  6322 | D:6      | Reached skill level 11 in Stealth
  6554 | D:7      | Reached XP level 9. HP: 62/62 MP: 17/17
  6630 | D:7      | Found a basalt altar of Yredelemnul.
  6649 | D:7      | Became a worshipper of Yredelemnul the Dark
  6659 | D:7      | Noticed Pikel
  6666 | D:7      | Killed Pikel
  6666 | D:7      | Reached skill level 12 in Stealth
  7188 | D:7      | Reached skill level 13 in Stealth
  7353 | D:7      | Found an ancient bone altar of Kikubaaqudgha.
  7515 | D:8      | Found a snail-covered altar of Cheibriados.
  7716 | D:8      | Reached * piety under Yredelemnul
  8229 | D:9      | Reached XP level 10. HP: 68/68 MP: 20/20
  8270 | D:9      | Found a staircase to the Orcish Mines.
  8660 | D:4      | Found a staircase to the Ecumenical Temple.
  8671 | Temple   | Entered the Ecumenical Temple
  8861 | Temple   | Fell from the grace of Yredelemnul
  8868 | Temple   | Became a worshipper of Dithmenos the Shadowed
  9024 | D:9      | Reached skill level 14 in Stealth
  9063 | D:9      | Reached skill level 5 in Short Blades
  9805 | D:9      | Found a staircase to the Lair.
 10163 | D:10     | Entered Level 10 of the Dungeon
 10864 | D:10     | Reached skill level 15 in Stealth
 11491 | D:11     | Noticed a phantasmal warrior
 11503 | D:11     | Mangled by a phantasmal warrior

Illustrated notes

Levels and vault maps discovered:
D:1:      lightli_iron_boxes, layout_basic, kennysheep_crisscross
D:2:      layout_basic, old_standard_altar, nicolae_ru_the_path_less_chosen,
          nicolae_tso_carved_into_rock, fiery_altar_vehumet, uniq_jessica
D:3:      minmay_wonky_spiral, layout_loops_ring, lemuel_coloured_pillars_altar,
          uniq_natasha
D:4:      layout_loops_ring, minmay_temple_entry_from_below_b,
          nicolae_ossuary_entry_giza, serial_glass, glass_columns_b,
          glass_columns_b, minmay_strange_pillars, minmay_strange_pillars,
          minmay_strange_pillars, chequers_serial_rivers_large_a
D:5:      layout_basic, grunt_temple_overflow_order_and_chaos_1,
          elyvilon_altar_5, nicolae_overflow_crystal_walls,
          kennysheep_mini_moat, first_ration
D:6:      layout_basic, gup_sewer_entry_spiral, uniq_blork_the_orc
D:7:      layout_basic, lemuel_zombie_altar_kikubaaqudgha,
          kennysheep_little_box, uniq_pikel
D:8:      layout_cave_pools, cheibrodos_worm_habitat
D:9:      layout_layer_cave, lair_entry_dummy, david_orc_2, blue_anna_alchemist
          [blue_anna_fruit_fields, blue_anna_fruit_fields],
          minmay_misc_feat_rugged
D:10:     layout_stronghold
D:11:     layout_basic, uniq_fannar
Temple:   compressed_dpeg_triangle_lava_temple

Skill      XL: |  1  2  3  4  5  6  7  8  9 10 |
---------------+-------------------------------+-----
Hexes          | 5 6 7 9 |  9.5
Stealth        | 5 6 7 8 11 13 15 | 15.2
Short Blades   | 2 3 4 5 |  5.9
Ice Magic      | 1 2 3 |  3.7
Spellcasting   | 3 4 5 7 8 |  8.0
Fighting       | 1 2 |  2.7
Dodging        | 3 4 |  4.4

Action                   |  1- 3 |  4- 6 |  7- 9 | 10-12 || total
-------------------------+-------+-------+-------+-------++-------
Melee: Dagger            |   142 |   161 |   280 |   141 ||   724
       Bite              |    15 |     5 |    19 |    14 ||    53
 Cast: Ensorcelled Hiber |    10 |    24 |    98 |    47 ||   179
       Confusing Touch   |       |     1 |     8 |    10 ||    19
Invok: Renounce Religion |       |       |       |     1 ||     1
 Abil: Exsanguinate      |       |     1 |     1 |       ||     2
       Revivify          |       |     1 |     1 |       ||     2
       Bat Form          |       |       |     1 |       ||     1
  Use: Scroll            |       |     7 |     3 |     1 ||    11
       Potion            |       |     5 |       |     1 ||     6
 Stab: Sleeping          |    13 |    37 |    85 |    48 ||   183
       Confused          |       |       |     4 |    10 ||    14
       Distracted        |       |       |       |     1 ||     1
Armor: Robe              |    22 |    14 |    79 |    27 ||   142
Dodge: Dodged            |    98 |    78 |   148 |    98 ||   422
